 Dungeon Crawl Stone Soup version 0.29.1-1-gd02db69 (webtiles) character file.

Game seed: 4560255649183327175

65 Dorkslayer the Trooper (level 4, -2/40 HPs)
             Began as a Hill Orc Fighter on Oct 17, 2022.
             Slain by a gnoll
             ... wielding a +0 flail
              (7 damage)
             ... on level 2 of the Dungeon.
             The game lasted 00:04:41 (1425 turns).

Dorkslayer the Trooper (Hill Orc Fighter)           Turns: 1425, Time: 00:04:42

Health: -2/40      AC:  7    Str: 20    XL:     4   Next: 13%
Magic:  4/4        EV:  9    Int:  8    God:
Gold:   77         SH:  4    Dex: 10    Spells: 3/3 levels left

rFire   . . .      SeeInvis .   a - +0 war axe
rCold   . . .      Faith    .   c - +0 buckler
rNeg    . . .      Spirit   .   b - +0 scale mail
rPois   .          Reflect  .   (no helmet)
rElec   .          Harm     .   (no cloak)
rCorr   .          Rampage  .   (no gloves)
Will    .....                   (no boots)
Stlth   ..........              (no amulet)
HPRegen 0.13/turn               (no ring)
MPRegen 0.09/turn               (no ring)

@: mighty, invisible
A: no striking features
a: no special abilities


You were on level 2 of the Dungeon.
You visited 1 branch of the dungeon, and saw 2 of its levels.

You collected 99 gold pieces.
You spent 22 gold pieces at shops.

Inventory:

Hand Weapons
 a - a +0 war axe (weapon)
Armour
 b - a +0 scale mail (worn)
 c - a +0 buckler (worn)
Scrolls
 f - a scroll of blinking
 g - a scroll of enchant armour {unknown}
 i - 2 scrolls of butterflies {unknown}
 j - a scroll of teleportation {unknown}
Potions
 e - a potion of haste {unknown}
 h - a potion of ambrosia {unknown}
 k - 3 potions of magic
 l - 2 potions of lignification
 m - a potion of heal wounds {unknown}
 n - a potion of invisibility


   Skills:
 + Level 4.1 Fighting
 + Level 3.7 Axes
 + Level 4.0 Armour
 + Level 0.2 Dodging
 + Level 3.7 Shields


You had 3 spell levels left.
You didn't know any spells.
Your spell library contained the following spells:

 Spells                   Type           Power      Damage    Failure   Level
 Frozen Ramparts          Ice            0%         1d1       99%         3
 Ice Form                 Ice/Tmut       0%         N/A       100%        4
 Summon Ice Beast         Ice/Summ       0%         N/A       100%        4


Dungeon Overview and Level Annotations

Branches:
Dungeon (2/15)

Altars:
Xom

Shops:
D:2 ((?:


Message History

2 gnolls come into view.
The gnoll shouts! x2
A gnoll comes into view. It is wielding a +0 flail.
The gnoll shouts!
A gnoll comes into view. It is wielding a +0 flail.
The gnoll shouts!
The gnoll closely misses you. You block the gnoll's attack.
You closely miss the gnoll. The gnoll barely misses you.
You barely miss the gnoll. The gnoll closely misses you.
You barely miss the gnoll. The gnoll hits you with a +0 flail!
The gnoll hits you from afar with a +0 spear.
You hit the gnoll but do no damage. The gnoll hits you with a +0 flail.
The gnoll closely misses you.
You hit the gnoll but do no damage. The gnoll closely misses you.
The gnoll hits you from afar with a +0 spear.
You slash the gnoll!
The gnoll is severely wounded.
The gnoll hits you but does no damage.
The gnoll hits you from afar with a +0 spear.
You block the gnoll's attack. The gnoll closely misses you.
You feel very mighty all of a sudden. You block the gnoll's attack.
The gnoll misses you.
You hit the gnoll.
The gnoll is almost dead.
You block the gnoll's attack.
The gnoll hits you from afar with a +0 spear.
You barely miss the gnoll.
The gnoll is almost dead.
The gnoll hits you with a +0 flail.
* * * LOW HITPOINT WARNING * * *
The gnoll barely misses you.
The gnoll hits you from afar with a +0 spear.
* * * LOW HITPOINT WARNING * * *
The gnoll hits you but does no damage. The gnoll attacks as you move away!
The gnoll hits you with a +0 flail.
* * * LOW HITPOINT WARNING * * *
You fade into invisibility!
The gnoll hits you with a +0 flail!
You die...

###.#........#
..#.###.######
..#.###.#######
..#...........#
..#####.#####.#
..#####.#####.####
........#........#
...######.###.##.#
...### #.##@#
.....# #.##g#
<##.## ..##g#
.##.# ####.# ###.#
#g# ....# #g#
##### #.# #.# ##
#.#


You could see 4 gnolls.

Vanquished Creatures
  An adder (D:2)
  2 worms (D:2)
  A dart slug (D:2)
  7 ball pythons
  3 endoplasms
  A giant cockroach (D:2)
  3 goblins
  3 hobgoblins
  7 jackals (D:2)
  6 kobolds
  2 quokkas
  4 bats
  2 frilled lizards (D:2)
42 creatures vanquished.

Notes
Turn   | Place    | Note
-------+----------+-------------------------------------------
     0 | D:1      | Dorkslayer the Hill Orc Fighter began the quest for the
                  | Orb.
     0 | D:1      | Reached XP level 1. HP: 19/19 MP: 1/1
   364 | D:1      | Reached XP level 2. HP: 27/27 MP: 2/2
   416 | D:1      | Found a shimmering altar of Xom.
   811 | D:2      | Found Teukhlaof's Book Shop.
   834 | D:2      | Reached XP level 3. HP: 29/33 MP: 3/3
  1192 | D:2      | Found Licaass's Weapon Shop.
  1213 | D:2      | Found Sigudoj's Antique Weapon Boutique.
  1240 | D:2      | Found Giugoros's Magic Scroll Emporium.
  1248 | D:2      | Bought a scroll of identify for 22 gold pieces
  1318 | D:2      | Reached XP level 4. HP: 38/40 MP: 4/4
  1425 | D:2      | Slain by a gnoll

Illustrated notes

Levels and vault maps discovered:
D:1:      minmay_arrival_plants_in_alcoves, layout_loops_ring,
          minmay_hexomino_r4
D:2:      layout_basic, serial_shops, shop_statue, shop_statue,
          nicolae_diamond_shop, shop, shop, amcnicky_mini_corridor_feature

Skill      XL: |  1  2  3 |
---------------+----------+-----
Fighting       | 4 |  4.1
Axes           | 3 |  3.7
Armour         | 4 |  4.0
Dodging        | |  0.2
Shields        | |  3.7

Action                   |  1- 3 |  4- 6 || total
-------------------------+-------+-------++-------
Melee: War axe           |   112 |    12 ||   124
  Use: Scroll            |     4 |       ||     4
       Potion            |       |     2 ||     2
Armor: Scale mail        |    65 |     4 ||    69
Dodge: Dodged            |    61 |     9 ||    70
Block: Buckler           |    34 |     5 ||    39
